 Dungeon Crawl Stone Soup version 0.21.1-1-g345015f (webtiles) character file.

131 Medidev the Covered (level 5, -2/41 HPs)
             Began as a Human Fighter on Mar 12, 2018.
             Was a Follower of Jiyva.
             Slain by an adder (3 damage)
             ... on level 3 of the Dungeon.
             The game lasted 00:09:32 (1115 turns).

Medidev the Covered (Human Fighter)                 Turns: 1115, Time: 00:09:32

Health: -2/41      AC: 11    Str: 17    XL:     5   Next: 37%
Magic:  5/5        EV:  3    Int:  8    God:    Jiyva [*.....]
Gold:   96         SH:  9    Dex: 13    Spells: 4/4 levels left

rFire    x . .     SeeInvis .   f - -3 flail (curse)
rCold    + . .     Gourm    .   c - +0 shield
rNeg     . . .     Faith    .   n - +0 plate armour
rPois    +         Spirit   .   (no helmet)
rElec    .         Reflect  .   (no cloak)
rCorr    .         Harm     .   (no gloves)
MR       .....                  (no boots)
Stlth    ..........             (no amulet)
HPRegen  0.13/turn              j - ring of ice
MPRegen  0.09/turn              k - ring of poison resistance

@: lethally poisoned (-2 -> -4)
A: no striking features
a: Request Jelly, Renounce Religion


You were on level 3 of the Dungeon.
You worshipped Jiyva.
Jiyva was aware of your devotion.
You were completely stuffed.

You visited 1 branch of the dungeon, and saw 3 of its levels.

You collected 96 gold pieces.

Inventory:

Hand Weapons
 a - a +0 long sword
 f - a cursed -3 flail (weapon)
Armour
 b - a +0 scale mail
 c - a +0 shield (worn)
 i - a +0 leather armour
 m - a +0 ring mail
 n - a +0 plate armour (worn)
Jewellery
 j - a ring of ice (left hand)
 k - a ring of poison resistance (right hand)
Wands
 l - a wand of scattershot (5)
Scrolls
 e - a scroll of enchant weapon {unknown}
 g - a scroll of identify {unknown}
 o - 2 scrolls of remove curse {unknown}
Potions
 d - a potion of might
 h - a potion of curing {unknown}
Comestibles
 p - a ration


   Skills:
 + Level 3.4 Fighting
 + Level 3.3 Long Blades
 + Level 4.0 Armour
 + Level 0.8 Dodging
 + Level 3.5 Shields


You had 4 spell levels left.
You didn't know any spells.

Dungeon Overview and Level Annotations

Branches:
Dungeon (3/15)

Altars:
Jiyva


Message History

The adder poisons you! You block the adder's attack.
Your shield and plate armour prevent you from hitting the adder.
You feel sick.
The adder bites you but does no damage. x2
Your plate armour prevents you from hitting the adder.
You feel sick. The adder bites you but does no damage.
You block the adder's attack.
You miss the adder. You block the adder's attack. x2
The adder barely misses you. The adder bites you but does no damage.
You closely miss the adder.
You feel sick. The adder bites you but does no damage.
The adder barely misses you. The adder bites you.
* * * LOW HITPOINT WARNING * * *
You block the adder's attack.
You closely miss the adder.
* * * LOW HITPOINT WARNING * * *
You feel sick. The adder bites you.
* * * LOW HITPOINT WARNING * * *
You block the adder's attack. x2; The adder bites you but does no damage.
You closely miss the adder. The adder bites you.
You die...

######### #####
#.#.....######
#...####.'.....##...
#........#.....##.######
#....†...###............
#........#####..#.####..
#..........# #..#'####..
##.....@...# #.>.....'..
#.....SS..# #......##..
#####.....# #......##..
#.....# #......##..
#.....# #......####
#.....# ##'##### .....##
#.. ...... '..


You could see 2 adders.

Vanquished Creatures
  2 orc wizards (D:3)
  2 adders (D:2)
  2 dart slugs
  A leopard gecko (D:2)
  4 orcs (D:3)
  2 giant cockroaches
  3 goblins
  8 hobgoblins
  7 jackals (D:1)
  A quokka (D:2)
  A bat (D:1)
  6 frilled lizards
  3 kobolds
  5 rats
47 creatures vanquished.

Vanquished Creatures (others)
  An orc (D:3)
1 creature vanquished.

Grand Total: 48 creatures vanquished

Notes
Turn   | Place    | Note
-------+----------+-------------------------------------------
     0 | D:1      | Medidev the Human Fighter began the quest for the Orb.
     0 | D:1      | Reached XP level 1. HP: 18/18 MP: 1/1
   213 | D:1      | Reached XP level 2. HP: 21/24 MP: 2/2
   370 | D:1      | Reached XP level 3. HP: 15/29 MP: 3/3
   640 | D:2      | Reached XP level 4. HP: 14/35 MP: 4/4
   918 | D:3      | Reached XP level 5. HP: 6/41 MP: 5/5
   939 | D:3      | Reached skill level 4 in Armour
   954 | D:3      | Found a faded altar of an unknown god.
   970 | D:3      | Became a worshipper of Jiyva Joyhedop the Shapeless
   970 | D:3      | Reached * piety under Jiyva
  1114 | D:3      | HP: 2/41 [poisoned by an adder]
  1115 | D:3      | Slain by an adder

Skill      XL: |  1  2  3  4  5 |
---------------+----------------+-----
Long Blades    | 3 |  3.3
Armour         | 4 |  4.0
Fighting       | |  3.4
Dodging        | |  0.8
Shields        | |  3.5

Action                   |  1- 3 |  4- 6 || total
-------------------------+-------+-------++-------
Melee: Long sword        |   110 |    72 ||   182
       Flail             |       |    40 ||    40
  Eat: Ration            |     3 |     1 ||     4
Armor: Scale mail        |    72 |     2 ||    74
       Plate armour      |       |    74 ||    74
Dodge: Dodged            |    46 |    21 ||    67
Block: Shield            |    72 |    53 ||   125
       Rpst.: Long sword |    14 |     5 ||    19
